 Dungeon Crawl Stone Soup version 0.29-a0-973-gac7da5f7f0 (webtiles) character file.

Game seed: 6599484474772277103

15 zeratav the Stinger (level 2, 0/17 HPs)
             Began as an Octopode Venom Mage on July 31, 2022.
             Constricted to death by a ball python (1 damage)
             ... on level 1 of the Dungeon.
             The game lasted 00:00:43 (1065 turns).

zeratav the Stinger (Octopode Venom Mage)           Turns: 1065, Time: 00:00:43

Health: 0/17       AC:  1    Str:  7    XL:     2   Next: 50%
Magic:  5/5        EV: 10    Int: 17    God:
Gold:   0          SH:  0    Dex: 12    Spells: 4/5 levels left

rFire   . . .      SeeInvis .   e - +0 club {mace}
rCold   . . .      Faith    .   (no shield)
rNeg    . . .      Spirit   .   (helmet restricted)
rPois   .          Reflect  .   (no amulet)
rElec   .          Harm     .   (no ring)
rCorr   .          Rampage  .   (no ring)
Will    .....                   (no ring)
Stlth   +++.......              (no ring)
HPRegen 0.05/turn               (no ring)
MPRegen 0.09/turn               (no ring)
                                (no ring)
                                (no ring)

@: constricted
A: almost no armour, amphibious, 8 rings, camouflage 1, gelatinous body 1,
(nimble swimmer 1), tentacles
a: no special abilities


You were on level 1 of the Dungeon.
You visited 1 branch of the dungeon, and saw 1 of its levels.


Innate Abilities, Weirdness & Mutations

You cannot wear most types of armour.
You are amphibious.
You can wear up to eight rings at the same time.
Your skin changes colour to match your surroundings (Stealth+).
Your rubbery body absorbs attacks. (AC +1, EV +1)
((You are camouflaged when in or above water. (Stealth+)))
You have tentacles for arms and can constrict up to eight enemies at once.


   Skills:
 - Level 2.0 Dodging
 + Level 3.6 Stealth
 - Level 2.0 Spellcasting
 - Level 1.0 Transmutations
 + Level 4.1 Poison Magic


You had 4 spell levels left.
You knew the following spells:

 Your Spells              Type           Power      Damage    Failure   Level
a - Sting                 Tmut/Pois      40%        1d5       7%          1

Your spell library contained the following spells:

 Spells                   Type           Power      Damage    Failure   Level
 Poisonous Vapours        Pois/Air       16%        N/A       12%         2
 Mephitic Cloud           Conj/Pois/Air  6%         N/A       32%         3
 Olgreb's Toxic Radiance  Pois           15%        N/A       34%         4
 Portal Projectile        Hex/Tloc       2%         N/A       50%         3
 Tukima's Dance           Hex            1%         N/A       50%         3
 Blade Hands              Tmut           2%         N/A       98%         5

Inventory:

Hand Weapons
 e - a +0 club (weapon) {mace}
   (You took it off a goblin on level 1 of the Dungeon)
Armour
 f - a +0 buckler
   (You found it on level 1 of the Dungeon)
Scrolls
 b - a scroll of amnesia {unknown}
 d - a scroll of identify {unknown}
 g - 2 scrolls of teleportation {unknown}
Potions
 a - a potion of magic
 c - a potion of heal wounds {unknown}

Dungeon Overview and Level Annotations

Branches:
Dungeon (1/15) Zot: 4927

Altars:

.#.#.#.......######
.#'#.#.####.......#
#....#.# #.......#
'....#.# #.......#
#....#.# #..†....#
#....#.#
#.......#####
#....#..
+.....b......
#....###
#...$...#####
#....#
####+#@...####
####.# #S##..g.. #
#.# #rw...... # #.#
#..g....... # #.#
#.......... # #.#
##......... # #.#
.......### # #.#
#..>....# # #.#
#.......#


You could see a dart slug, 2 hobgoblins, a bat, a ball python and a rat.


Message History

No target in view!
No target in view!
No target in view!
No target in view!
No target in view!
No target in view!
No target in view!
No target in view!
Key pressed, stopping explore.
g - 2 scrolls labelled CEUNOPPULO (gained 1)
A bat comes into view.
HP[+8]
Your hp is fully restored (17).
A bat is nearby!
A bat is nearby!
The bat closely misses you. The bat barely misses you.
The bat closely misses you. The bat hits you.
HP[-1]
You take 1 damage, and now have 16/17 hp.
You closely miss the bat. You grab the bat. You constrict the bat.
The bat closely misses you.
The bat escapes!
The bat hits you but does no damage.
A giant cockroach comes into view.
The bat hits you.
You closely miss the bat. Your grab misses the bat. You squeeze the bat.
You kill the bat!
A dart slug and a kobold come into view.
A rat comes into view.
Found an escape hatch in the floor.
A ball python comes into view.
The ball python hisses angrily.
A bat comes into view.
A hobgoblin comes into view.
The helpless giant cockroach fails to defend itself.
You hit the giant cockroach. Your grab misses the giant cockroach.
The giant cockroach misses you.
You closely miss the giant cockroach.
The kobold shouts!
Your grab misses the giant cockroach.
Your squeeze misses the giant cockroach.
You hear a shout!
The giant cockroach bites you.
The dart slug briefly extends its eye-stalks.
The giant cockroach closely misses you.
HP[-1]
You take 1 damage, and now have 15/17 hp.
The hobgoblin shouts!
You hit the giant cockroach. You grab the giant cockroach.
You constrict the giant cockroach, but do no damage.
The bat hits you but does no damage.
The kobold throws a stone.
The stone hits you. The giant cockroach misses you. The rat bites you.
The ball python misses you. x2
You hit the giant cockroach.
You kill the giant cockroach!
The bat barely misses you. The ball python bites you.
The ball python barely misses you. The bat hits you. The rat bites you.
* * * LOW HITPOINT WARNING * * *
The ball python barely misses you. The ball python grabs you.
The ball python constricts you.
* * * LOW HITPOINT WARNING * * *
The rat bites you.
* * * LOW HITPOINT WARNING * * *
You are too injured to fight recklessly!
You are too injured to fight recklessly!
You are too injured to fight recklessly!
You are too injured to fight recklessly!
You are too injured to fight recklessly!
You are too injured to fight recklessly!
HP[-11]
You take 11 damage, and now have 4/17 hp.
MASSIVE DAMAGE!! (PAUSE)
You are too injured to fight recklessly!
You are too injured to fight recklessly!
You are too injured to fight recklessly!
You are too injured to fight recklessly!
You are too injured to fight recklessly!
You are too injured to fight recklessly!
You are too injured to fight recklessly!
You are too injured to fight recklessly!
You are too injured to fight recklessly!
You are too injured to fight recklessly!
You escape the ball python's grasp.
The bat attacks as you move away!
The bat hits you but does no damage. x2; The bat closely misses you.
The ball python bites you but does no damage.
The ball python grabs you. The ball python constricts you.
* * * LOW HITPOINT WARNING * * *
HP[-1]
You take 1 damage, and now have 3/17 hp.
You escape the ball python's grasp.
The bat misses you.
A hobgoblin comes into view.
You hit the bat but do no damage. Your grab misses the bat.
Your squeeze misses the bat. The bat hits you but does no damage.
The bat misses you.
You miss the bat. Your grab misses the bat. The bat closely misses you.
The ball python bites you.
* * * LOW HITPOINT WARNING * * *
The ball python closely misses you. x2; The ball python grabs you.
The ball python constricts you.
You die...

Skill      XL: |  1 |
---------------+----+-----
Stealth        | 3 |  3.6
Poison Magic   | 4 |  4.1
Dodging        | |  2.0
Spellcasting   | |  2.0
Transmutations | |  1.0

Action                   || total
-------------------------++-------
Melee: Club              ||    24
       Unarmed           ||     3
       Tentacles         ||     5
       Constrict         ||     3
 Cast: Sting             ||     5
 Stab: Sleeping          ||     4
Armor: Skin              ||     8
Dodge: Dodged            ||    36

Levels and vault maps discovered:
D:1:      ncdulo_watergridlock, layout_basic

Notes
Turn   | Place    | Note
-------+----------+-------------------------------------------
     0 | D:1      | zeratav the Octopode Venom Mage began the quest for the
                  | Orb.
     0 | D:1      | Reached XP level 1. HP: 11/11 MP: 3/3
     0 | D:1      | magus.rc [v1.9.6]
     4 | D:1      | You pick up a book of Weapons and begin reading...
     4 | D:1      | You add the spells Tukima's Dance, Portal Projectile and
                  | Blade Hands to your library.
   257 | D:1      | Reached skill level 3 in Stealth
   546 | D:1      | Reached skill level 4 in Poison Magic
   546 | D:1      | Reached XP level 2. HP: 17/17 MP: 5/5
  1061 | D:1      | HP: 4/17 [rat (2)]
  1065 | D:1      | HP: 1/17 [ball python (2)]
  1065 | D:1      | Constricted to death by a ball python

Vanquished Creatures
  A dart slug (D:1)
  3 ball pythons (D:1)
  2 endoplasms (D:1)
  A giant cockroach (D:1)
  A jackal (D:1)
  A kobold (D:1)
  A bat (D:1)
  A goblin (D:1)
11 creatures vanquished.

Table legend:
 A = Non-vault XP
 B = Vault XP
 C = Vault XP percentage of total XP
 D = Non-vault monster count
 E = Vault monster count
 F = Vault count percentage of total count
                 A         B        C        D         E       F
            +---------+---------+-------+---------+---------+-------
      Total |      22 |       0 |   0.0 |      11 |       0 |   0.0
            +---------+---------+-------+---------+---------+-------
        D:1 |      22 |       0 |   0.0 |      11 |       0 |   0.0
            +---------+---------+-------+---------+---------+-------

Illustrated notes

Table legend:
 A = Kills in this place as a percentage of kills in entire the game.
 B = Kills by you in this place as a percentage of kills by you in the entire game.
 C = Kills by friends in this place as a percentage of kills by friends in the entire game.
 D = Other kills in this place as a percentage of other kills in the entire game.
 E = Experience gained in this place as a percentage of experience gained in the entire game.
 F = Experience gained in this place divided by the number of levels of this place that you have seen.
                   A       B       C       D       E      F
               +-------+-------+-------+-------+-------+----------------------
         Total | 100.0 | 100.0 |   N/A |   N/A | 100.0 |  22.0
       Dungeon | 100.0 | 100.0 |   N/A |   N/A | 100.0 |  22.0
               +-------+-------+-------+-------+-------+----------------------

Table legend: (Time is in decaauts)
 A = Elapsed time spent in this place.
 B = Non-inter-level travel time spent in this place.
 C = Inter-level travel time spent in this place.
 D = Time resting spent in this place.
 E = Time spent auto-exploring this place.
 F = Levels seen in this place.
 G = Mean time per level.
                   A        B        C        D        E       F      G
               +--------+--------+--------+--------+--------+-----+--------+
         Total |   1071 |   1071 |      0 |      0 |    979 |   1 | 1071.0 |
       Dungeon |   1071 |   1071 |      0 |      0 |    979 |   1 | 1071.0 |
               +--------+--------+--------+--------+--------+-----+--------+

Top non-repeatable levels by time:
     D:1: 1071 daAuts
